 Dungeon Crawl Stone Soup version 0.30.1-9-gdf580d7c3d (webtiles) character file.

Game seed: 4189983612121880688

319 Ironcache the Shooter (level 6, -5/48 HPs)
             Began as a Formicid Hunter on Oct 4, 2023.
             Was an Initiate of Hepliaklqana.
             Shot with an arrow by a centaur (8 damage)
             ... on level 5 of the Dungeon.
             The game lasted 00:21:59 (4135 turns).

Ironcache the Shooter (Formicid Hunter)             Turns: 4135, Time: 00:22:00

Health: -5/48      AC: 11    Str: 15    XL:     6   Next: 74%
Magic:  6/6        EV:  8    Int:  9    God:    Hepliaklqana [......]
Gold:   333        SH:  0    Dex: 25    Spells: 5/5 levels left

rFire   . . .        a - +0 shortbow
rCold   . . .        (no shield)
rNeg    . . .        y - +0 chain mail
rPois   .            (helmet unavailable)
rElec   .            (no cloak)
rCorr   .            A - +2 pair of gloves {hurl}
SInv    +            (no boots)
Will    .....        (no amulet)
Stlth   x              - +6 ring of dexterity
HPRegen 0.28/turn    (no ring)
MPRegen 0.10/turn

%: no passive effects
@: no status effects
A: permanent stasis, dig shafts and tunnels, antennae 3, four strong arms
a: Dig, Shaft Self, Renounce Religion


You were on level 5 of the Dungeon.
You worshipped Hepliaklqana.
Hepliaklqana was noncommittal.
You visited 2 branches of the dungeon, and saw 8 of its levels.

You collected 333 gold pieces.

Inventory:

Hand Weapons
 a - a +0 shortbow (weapon)
 b - a +2 whip of flaming
 k - a +0 dagger of protection
Armour
 c - a +0 leather armour
 h - a +0 scale mail
 y - a +0 chain mail (worn)
 A - a +2 pair of gloves of hurling (worn)
Jewellery
 s - a ring of wizardry
 x - a +6 ring of dexterity (left hand)
Scrolls
 d - a scroll of immolation
 f - a scroll of fear {unknown}
 j - a scroll of blinking {unknown}
 m - 4 scrolls of teleportation {unknown}
 r - a scroll of enchant weapon {unknown}
 t - 2 scrolls of poison
 u - a scroll of silence {unknown}
 v - a scroll of amnesia {unknown}
Potions
 e - a potion of experience {unknown}
 g - 2 potions of curing
 l - 3 potions of heal wounds
 n - a potion of might {unknown}
 o - a potion of degeneration {unknown}
 p - 2 potions of ambrosia {unknown}
 q - a potion of resistance {unknown}
 w - 2 potions of brilliance {unknown}
 z - a potion of attraction {unknown}


   Skills:
 - Level 4.0 Fighting
 + Level 6.3 Ranged Weapons
 - Level 2.0 Armour
 - Level 2.0 Dodging
 - Level 2.0 Stealth


You had 5 spell levels left.
You didn't know any spells.
Your spell library contained the following spells:

 Spells                   Type           Power      Damage    Failure   Level
 Lesser Beckoning         Tloc           0%         N/A       100%        2
 Gell's Gravitas          Tloc           0%         N/A       100%        3
 Teleport Other           Tloc           0%         N/A       100%        3


Dungeon Overview and Level Annotations

Branches:
Dungeon (7/15)             Temple (1/1) D:7

Altars:
Ashenzari
Cheibriados
Dithmenos
Fedhas
Gozag
Hepliaklqana
Kikubaaqudgha
Makhleb
Nemelex Xobeh
Okawaru
Qazlal
Ru
Sif Muna
Trog
Uskayaw
Vehumet
Wu Jian
Xom
Zin
The Shining One


Innate Abilities, Weirdness & Mutations

You cannot be hasted, slowed, berserked, paralysed or teleported.
You can dig through walls and to a lower floor.
You have a pair of large antennae on your head. (SInv)
Your four strong arms can wield two-handed weapons with a shield.


Message History

The phantom hits you but does no damage. x2
You hit the phantom. You burn the phantom.
The phantom is severely damaged.
The phantom hits you but does no damage.
You whack the phantom! You burn the phantom.
You destroy the phantom!
Your Ranged Weapons skill increases to level 6!
Your +2 whip of flaming stops flaming.
a - a +0 shortbow (weapon)
You shoot an arrow. The centaur shouts!
The arrow hits the centaur!
The centaur is heavily wounded.
The centaur shoots an arrow.
The arrow barely misses you.
The centaur shoots an arrow.
The arrow hits you!
You shoot an arrow. The arrow hits the centaur.
The centaur is heavily wounded.
The centaur shoots an arrow.
The arrow barely misses you.
The centaur shoots an arrow.
The arrow hits you!
You shoot an arrow. The arrow hits the centaur!
The centaur is almost dead.
The centaur shoots an arrow.
The arrow hits you.
The centaur shoots an arrow.
The arrow hits you.
You shoot an arrow. The arrow hits the centaur.
The centaur is almost dead.
The centaur shoots an arrow.
The arrow hits you.
You shoot an arrow. The arrow closely misses the centaur.
The centaur shoots an arrow.
The arrow hits you.
The centaur shoots an arrow.
The arrow hits you!
The centaur shoots an arrow.
The arrow hits you.
* * * LOW HITPOINT WARNING * * *
You are too injured to fight recklessly!
Fire: a) +0 shortbow
Press: ? - help, Q - select action, (/) - cycle Shift-Dir - straight line, f/p - centaur
Aim: a centaur, wielding a +0 shortbow and wearing a +0 robe (almost dead, 77% to hit)
You shoot an arrow. The arrow hits the centaur.
The centaur is almost dead.
The centaur shoots an arrow.
The arrow hits you!
* * * LOW HITPOINT WARNING * * *
The centaur shoots an arrow.
The arrow hits you!
You die...

##......####..
############.######
...........#.#
............##
.............###
...............##
................#
.................#
.......@..........#
....................
....................
...................
...........c..[...
..................
.................
#...............
#...<.......


You could see a centaur.

Vanquished Creatures
  A phantom (D:5)
  2 iguanas
  A statue (D:3)
  Robin (D:4)
  5 adders
  An ufetubus (D:4)
  5 worms
  3 dart slugs
  3 orcs
  4 endoplasms
  5 giant cockroaches
  9 goblins
  13 hobgoblins
  4 quokkas
  9 ball pythons
  5 bats
  2 frilled lizards
  10 kobolds
  5 rats
88 creatures vanquished.

Notes
Turn   | Place    | Note
-------+----------+-------------------------------------------
     0 | D:1      | Ironcache the Formicid Hunter began the quest for the Orb.
     0 | D:1      | Reached XP level 1. HP: 16/16 MP: 1/1
    53 | D:1      | Reached XP level 2. HP: 23/23 MP: 2/2
   276 | D:1      | Reached skill level 1 in Armour
   276 | D:1      | Reached XP level 3. HP: 28/28 MP: 3/3
   742 | D:2      | Reached XP level 4. HP: 34/34 MP: 4/4
  1262 | D:3      | Found a faded altar of an unknown god.
  1665 | D:3      | Found a radiant altar of Vehumet.
  1665 | D:3      | Noticed a frost-covered statue
  1678 | D:3      | Killed a frost-covered statue
  1679 | D:3      | Reached XP level 5. HP: 41/41 MP: 5/5
  1691 | D:3      | Found an ornate altar of the Wu Jian Council.
  1921 | D:3      | Found a burning altar of Makhleb.
  1954 | D:3      | Found a glowing golden altar of the Shining One.
  2103 | D:4      | Found a broken altar of Ashenzari.
  2147 | D:4      | Noticed Robin
  2575 | D:4      | Reached skill level 5 in Ranged Weapons
  2871 | D:4      | Killed Robin
  2872 | D:4      | Reached XP level 6. HP: 48/48 MP: 6/6
  2925 | D:4      | Noticed a black bear
  2930 | D:4      | You fall into a shaft and drop 3 floors!
  2955 | D:7      | Found a blossoming altar of Fedhas.
  2988 | D:7      | Found a staircase to the Ecumenical Temple.
  2997 | Temple   | Entered the Ecumenical Temple
  3055 | Temple   | Became a worshipper of Hepliaklqana the Forgotten
  3191 | D:5      | Entered Level 5 of the Dungeon
  3318 | D:5      | You fall into a shaft and drop 2 floors!
  3435 | D:7      | Noticed a sky beast
  3510 | D:5      | Noticed an ogre
  4116 | D:5      | Reached skill level 6 in Ranged Weapons
  4135 | D:5      | Shot with an arrow by a centaur

Illustrated notes

Levels and vault maps discovered:
D:1:      dpeg_arrival_arbitrary_b, layout_rooms, minmay_misc_feat_columns,
          corexii_hall_statues_x
D:2:      layout_rooms, chequers_serial_rivers_micro_e
D:3:      layout_loops_corners, lightli_temple_of_fire,
          nicolae_overflow_hidden_temple, vehumet_statue, lemuel_crystal_altar,
          nicolae_ecumenical_oubliette, kennysheep_generic_room_11
D:4:      black_bear_nest_2, layout_cave_pods, cheibrodos_ashenzari_chains,
          uniq_robin
D:5:      layout_cave_pods
D:6:      layout_gridville, minmay_misc_feat_iff
D:7:      minmay_the_grid_octo_2x2 [minmay_the_grid_octo_shrine,
          minmay_the_grid_octo_concentric, minmay_the_grid_octo_clover,
          minmay_the_grid_octo_prize_ultimate_mussel_roller], layout_rooms,
          mainiacjoe_overflow_alcove_2, minmay_temple_entry_antechambers
Temple:   jpeg_temple_clearing

Skill      XL: |  1  2  3  4  5  6 |
---------------+-------------------+-----
Dodging        | 2 |  2.0
Armour         | 1 2 |  2.0
Stealth        | 2 |  2.0
Fighting       | 3 4 |  4.0
Ranged Weapons | 5 6 |  6.3

Action                     |  1- 3 |  4- 6 || total
---------------------------+-------+-------++-------
  Melee: Whip              |    42 |   117 ||   159
         Punch             |       |     3 ||     3
   Fire: Shortbow          |    47 |   117 ||   164
Ability: Shaft Self        |       |     2 ||     2
    Use: Scroll            |       |     3 ||     3
 Armour: Scale mail        |    22 |    41 ||    63
         Chain mail        |       |    27 ||    27
  Dodge: Dodged            |    34 |    78 ||   112
